 Dungeon Crawl Stone Soup version 0.24.1-14-gf8d2b509d9 (webtiles) character file.

Game seed: 1950387087778439018, levelgen mode: deterministic

559 tkbsonic5 the Ruffian (level 7, 0/52 (60) HPs)
             Began as a Ghoul Monk on Dec 2, 2022.
             Was a Follower of Ru.
             Slain by an orc wizard
             ... wielding a +0 dagger
              (2 damage)
             ... on level 4 of the Dungeon.
             The game lasted 00:13:00 (3923 turns).

tkbsonic5 the Ruffian (Ghoul Monk)                  Turns: 3923, Time: 00:13:00

HP:   0/52 (60)     AC:  3    Str: 13 (15) XL:     7   Next: 31%
MP:   6/6           EV: 14    Int:  2 (5)  God:    Ru [*.....]
Gold: 239           SH:  0    Dex: 13      Spells: 6/6 levels left

rFire    + . .     SeeInvis .     - Unarmed
rCold    . . .     Gourm    .   (no shield)
rNeg     + + +     Faith    .   a - +1 robe
rPois    ∞         Spirit   .   (no helmet)
rElec    .         Reflect  .   (no cloak)
rCorr    .         Harm     .   (no gloves)
MR       +....                  (no boots)
Stlth    ++........             (no amulet)
HPRegen  0.00/turn              f - ring of protection from magic
MPRegen  0.10/turn              n - ring of fire

@: rotting
A: rotting body, claws 1, carnivore, cold resistance 1, negative energy
resistance 3, inhibited regeneration, torment resistance, unbreathing, no charms
magic, no earth magic, no transmutations magic
a: Renounce Religion


You were on level 4 of the Dungeon.
You worshipped Ru.
Ru was aware of your devotion.
You were not hungry.

You visited 2 branches of the dungeon, and saw 6 of its levels.

You collected 239 gold pieces.

Inventory:

Missiles
 e - 2 curare-tipped darts (quivered)
 g - 5 javelins
 p - 3 poisoned darts
Armour
 a - a +1 robe (worn)
 c - a +0 chain mail
 k - a +0 scale mail
Jewellery
 f - a ring of protection from magic (left claw)
 n - a ring of fire (right claw)
Wands
 d - a wand of scattershot (5)
 i - a wand of iceblast (8)
 j - a wand of paralysis (14)
Scrolls
 h - a scroll of immolation
 q - 2 scrolls of remove curse
Comestibles
 b - 5 rations


   Skills:
 + Level 4.6 Fighting
 + Level 1.3 Throwing
 * Level 4.7 Dodging
 + Level 3.1 Stealth
 * Level 5.8 Unarmed Combat
 + Level 1.3 Evocations


You had 6 spell levels left.
You didn't know any spells.
Your spell library was empty.

Dungeon Overview and Level Annotations

Branches:
Dungeon (5/15)             Temple (1/1) D:4

Altars:
Cheibriados
Hepliaklqana
Kikubaaqudgha
Makhleb
Okawaru
Qazlal
Ru
Trog
Uskayaw
Zin
The Shining One


Innate Abilities, Weirdness & Mutations

Your body is rotting away.
You thrive on raw meat.
You are immune to poison.
You have sharp fingernails.
You are carnivorous and can eat meat at any time.
Your flesh is cold resistant. (rC+)
You are immune to negative energy. (rN+++)
You do not regenerate when monsters are visible.
You are immune to unholy pain and torment.
You can survive without breathing.
You cannot study or cast Charms magic.
You cannot study or cast Earth magic.
You cannot study or cast Transmutations magic.


Message History

You can't go up here!
You aren't carrying any potions.
Okay, then.
What are your orders? t - Shout!
Orders for allies: a - Attack new target. r - Retreat! s - Stop attacking. g - Guard the area. f - Follow me.
Anything else - Cancel.
Okay, then.
Okay, then.
Quiver which item? (- for none, * to show all) (? for menu, Esc to quit)
Quivering
e - 3 curare-tipped darts for throwing.
Throwing (i - inventory. (/) - cycle)
e - 3 curare-tipped darts (quivered)
Press: ? - help, Shift-Dir - straight line, f - orc priest
Aim: an orc priest, wearing a +0 chain mail You throw a curare-tipped dart.
The curare-tipped dart barely misses the orc priest.
Something hits you.
You die...

................# #.##.#
.........(......# #.##)#
................# #.##)#
[....#.....)....# #.##.#
.....############ #.##.#
.....#*##8###8##* #.#..#
.....##8...8..(8###.#(##
.....##........o###.#.#
.###.#_.........@#.<#.#
.....##........o##..#.#
.....##8...8...8##..#.#
.....#*##8###8##*####.#
.....############ #.#
###..)..).#.# #.# #.# #
#####.#.#.# #.# #.# #
#.#)#.# #.# #.# ###
#.#.#.# #.# #.#


You could see an orc priest and an orc.

Vanquished Creatures
  2 scorpions (D:4)
  A hound (D:4)
  2 orc priests (D:4)
  A bullfrog skeleton (D:5)
  Ijyb (D:3)
  2 worker ants (D:4)
  2 hound skeletons (D:4)
  A gnoll (D:1)
  11 adders
  An ooze (D:2)
  An adder skeleton (D:5)
  3 worms
  4 dart slugs
  4 leopard geckos
  13 orcs
  4 giant cockroaches
  6 goblins
  7 hobgoblins
  6 jackals (D:2)
  12 kobolds
  3 quokkas
  2 ball pythons
  7 bats
  3 frilled lizards
  A leopard gecko skeleton (D:4)
  14 rats
114 creatures vanquished.

Notes
Turn   | Place    | Note
-------+----------+-------------------------------------------
     0 | D:1      | tkbsonic5 the Ghoul Monk began the quest for the Orb.
     0 | D:1      | Reached XP level 1. HP: 19/19 MP: 0/0
    82 | D:1      | Reached XP level 2. HP: 25/25 MP: 1/1
   613 | D:1      | Reached skill level 4 in Unarmed Combat
   613 | D:1      | Reached XP level 3. HP: 21/28 MP: 2/2
   984 | D:2      | Reached XP level 4. HP: 34/40 MP: 3/3
  1346 | D:2      | Reached XP level 5. HP: 38/46 MP: 4/4
  1698 | D:3      | Noticed Ijyb
  1713 | D:3      | Killed Ijyb
  1714 | D:3      | Reached skill level 5 in Unarmed Combat
  2400 | D:4      | Reached XP level 6. HP: 49/49 MP: 5/5
  2401 | D:4      | Found a staircase to the Ecumenical Temple.
  2417 | Temple   | Entered the Ecumenical Temple
  2446 | Temple   | Became a worshipper of Ru the Awakened
  2459 | D:4      | Gained mutation: You cannot study or cast Earth magic. [Ru
                  | sacrifice]
  2459 | D:4      | Gained mutation: You cannot study or cast Transmutations
                  | magic. [Ru sacrifice]
  2459 | D:4      | Gained mutation: You cannot study or cast Charms magic. [Ru
                  | sacrifice]
  2459 | D:4      | Reached * piety under Ru
  2593 | D:4      | Found a glowing silver altar of Zin.
  3002 | D:4      | Found an ancient bone altar of Kikubaaqudgha.
  3036 | D:4      | Reached skill level 1 in Throwing
  3186 | D:4      | Reached skill level 1 in Evocations
  3186 | D:4      | Reached XP level 7. HP: 43/57 MP: 6/6
  3864 | D:5      | Entered Level 5 of the Dungeon
  3921 | D:5      | HP: 2/52 [something/puff of flame (3)]
  3923 | D:4      | Slain by an orc wizard

Levels and vault maps discovered:
D:1:      minmay_arrival_floating_metal, layout_basic
D:2:      layout_rooms, chequers_serial_rivers_micro_c
D:3:      minmay_inner_zag, layout_loops_corners, uniq_ijyb
D:4:      layout_basic, nicolae_overflow_hidden_temple,
          lemuel_zombie_altar_kikubaaqudgha, temple_statues,
          kennysheep_generic_room_13
D:5:      layout_layer_cave, kennysheep_mini, first_ration, uniq_eustachio,
          uniq_prince_ribbit1
Temple:   zaba_magenta_temple

Skill      XL: |  1  2  3  4  5  6  7 |
---------------+----------------------+-----
Dodging        | 3 4 |  4.7
Unarmed Combat | 4 5 |  5.8
Fighting       | 4 |  4.6
Throwing       | 1 |  1.3
Evocations     | 1 |  1.3
Stealth        | 3 |  3.1

Action                   |  1- 3 |  4- 6 |  7- 9 || total
-------------------------+-------+-------+-------++-------
Melee: Unarmed           |    84 |   187 |    52 ||   323
       Punch             |     2 |     3 |       ||     5
Throw: Dart              |     4 |     8 |     1 ||    13
       Javelin           |       |    33 |     8 ||    41
Invok: Sacrifice Arcana  |       |     1 |       ||     1
  Use: Scroll            |     2 |     8 |     1 ||    11
       Potion            |     2 |     5 |       ||     7
 Stab: Sleeping          |     4 |     7 |     1 ||    12
       Distracted        |       |     1 |       ||     1
  Eat: Chunk             |       |     6 |       ||     6
       Ration            |       |     1 |     2 ||     3
Armor: Robe              |    20 |    25 |     8 ||    53
Dodge: Dodged            |    54 |   136 |    49 ||   239
